[Event "POL-chT 1 Liga 2019"]
[Site "Dzwirzyno"]
[Date "2019.09.11"]
[Round "5.1"]
[White "Szwed, Jacek"]
[Black "Nayhebaver, Martin"]
[Result "0-1"]
[ECO "B91"]
[WhiteElo "2370"]
[BlackElo "2491"]
[Annotator "ChessBase"]
[PlyCount "122"]
[EventDate "2019.09.07"]
[EventType "team-tourn"]
[EventCountry "POL"]
[SourceTitle "playchess.com"]
[Source "ChessBase"]
[SourceQuality "1"]
[TimeControl "40/5400+30:1800+30"]

1. e4 c5 2. Nf3 d6 3. d4 cxd4 4. Nxd4 Nf6 5. Nc3 a6 6. g3 e5 7. Nb3 Bg4 8. Be2 Be6 9. O-O Be7 10. Bf3 O-O 11. Re1 a5 12. a4 Na6 13. Nd5 Bxd5 14. exd5 Nd7 15. Qe2 b6 16. Bg2 Bg5 17. Bxg5 Qxg5 18. Qb5 Rfd8 19. Rad1 Qg6 20. c3 Nac5 21. Nd2 Qc2 22. Nc4 Nf6 23. Bf1 Rab8 24. Ne3 Qxa4 25. Qxa4 Nxa4 26. Ra1 Nc5 27. Bb5 g6 28. f3 Ne8 29. b4 axb4 30. cxb4 Nb3 31. Ra7 Nd4 32. Bxe8 Rxe8 33. Kf2 Rbc8 34. Rd7 Red8 35. Rxd8+ Rxd8 36. Ra1 b5 37. Ra7 h5 38. f4 Kg7 39. h3 h4 40. gxh4 exf4 41. Ng2 f3 42. Ne1 Re8 43. Ra2 Re4 44. h5 g5 45. h6+ Kxh6 46. Ra6 Re2+ 47. Kf1 Rd2 48. Ra3 f2 49. Nf3 Nxf3 50. Rxf3 Kg6 51. Rc3 Rxd5 52. Kxf2 Rd4 53. Rc6 Rxb4 54. Rxd6+ f6 55. Rd5 Rb1 56. Kg3 b4 57. Rb5 b3 58. h4 b2 59. Kh2 gxh4 60. Kg2 f5 61. Kh2 f4 0-1

[Event "POL-chT 1 Liga 2019"]
[Site "Dzwirzyno"]
[Date "2019.09.11"]
[Round "5.2"]
[White "Roubalik, Jakub"]
[Black "Zylka, Stanislaw"]
[Result "1/2-1/2"]
[ECO "D86"]
[WhiteElo "2405"]
[BlackElo "2338"]
[Annotator "NA"]
[PlyCount "82"]
[EventDate "2019.09.07"]
[EventType "team-tourn"]
[EventCountry "POL"]
[SourceTitle "playchess.com"]
[Source "ChessBase"]
[SourceQuality "1"]
[TimeControl "40/5400+30:1800+30"]

1. d4 Nf6 2. c4 g6 3. Nc3 d5 4. cxd5 Nxd5 5. e4 Nxc3 6. bxc3 Bg7 7. Bc4 c5 8. Ne2 Nc6 9. Be3 O-O 10. O-O b6 11. Qd2 Bb7 12. Rac1 e6 13. Rfd1 Rc8 14. Bg5 Qd6 15. e5 Qd7 16. Bf6 cxd4 17. Bxg7 Kxg7 18. cxd4 Na5 19. Bd3 Rxc1 20. Rxc1 Rc8 21. Rxc8 Qxc8 22. h4 h6 23. Qf4 Qd8 24. Nc3 a6 25. Ne4 Bxe4 26. Qxe4 b5 27. h5 gxh5 28. Qh7+ Kf8 29. Qxh6+ Ke8 30. Be2 Qxd4 31. Qh8+ Kd7 32. Qf6 Nc6 33. Qxf7+ Ne7 34. Bxh5 Qa1+ 35. Kh2 Qxe5+ 36. g3 Qh8 37. Kg2 a5 38. Bf3 Qb2 39. Qh7 Kd6 40. Qd3+ Nd5 41. Bxd5 Ke5 1/2-1/2

[Event "POL-chT 1 Liga 2019"]
[Site "Dzwirzyno"]
[Date "2019.09.11"]
[Round "5.3"]
[White "Koziol, Kamil"]
[Black "Paszewski, Mateusz"]
[Result "1/2-1/2"]
[ECO "B31"]
[WhiteElo "2292"]
[BlackElo "2297"]
[Annotator "NA"]
[PlyCount "50"]
[EventDate "2019.09.07"]
[EventType "team-tourn"]
[EventCountry "POL"]
[SourceTitle "playchess.com"]
[Source "ChessBase"]
[SourceQuality "1"]
[TimeControl "40/5400+30:1800+30"]

1. e4 c5 2. Nf3 Nc6 3. Bb5 g6 4. Bxc6 dxc6 5. d3 Bg7 6. h3 Nf6 7. Nc3 Nd7 8. Be3 e5 9. Qd2 h6 10. O-O b6 11. Nh2 Nf8 12. f4 exf4 13. Rxf4 Be6 14. Raf1 Qd6 15. Ng4 O-O-O 16. Rxf7 Bxf7 17. Rxf7 Rd7 18. Rxd7 Nxd7 19. Bxh6 Bxh6 20. Nxh6 Qd4+ 21. Kh2 Rf8 22. Ng4 Qd6+ 23. Kg1 Qd4+ 24. Kh2 Qd6+ 25. Kg1 Qd4+ 1/2-1/2

[Event "POL-chT 1 Liga 2019"]
[Site "Dzwirzyno"]
[Date "2019.09.11"]
[Round "5.4"]
[White "Ciesla, Adam"]
[Black "Nowak, Mikolaj"]
[Result "1/2-1/2"]
[ECO "B15"]
[WhiteElo "2273"]
[BlackElo "2262"]
[Annotator "NA"]
[PlyCount "43"]
[EventDate "2019.09.07"]
[EventType "team-tourn"]
[EventCountry "POL"]
[SourceTitle "playchess.com"]
[Source "ChessBase"]
[SourceQuality "1"]
[TimeControl "40/5400+30:1800+30"]

1. e4 c6 2. d4 d5 3. Nd2 dxe4 4. Nxe4 Nf6 5. Nxf6+ exf6 6. c3 Bd6 7. Bd3 O-O 8. Ne2 Re8 9. Qc2 g6 10. h4 Nd7 11. h5 Nf8 12. Bh6 Be6 13. O-O-O f5 14. Rh3 Qf6 15. hxg6 fxg6 16. Rdh1 Qf7 17. b3 a5 18. Nf4 b5 19. Kb1 a4 20. b4 Bc4 21. Bxc4 Qxc4 22. Qd3 1/2-1/2

[Event "POL-chT 1 Liga 2019"]
[Site "Dzwirzyno"]
[Date "2019.09.11"]
[Round "5.5"]
[White "Tomaszewski, Kacper"]
[Black "Flis, Jacek"]
[Result "1-0"]
[ECO "A53"]
[WhiteElo "2363"]
[BlackElo "2219"]
[Annotator "NA"]
[PlyCount "55"]
[EventDate "2019.09.07"]
[EventType "team-tourn"]
[EventCountry "POL"]
[SourceTitle "playchess.com"]
[Source "ChessBase"]
[SourceQuality "1"]
[TimeControl "40/5400+30:1800+30"]

1. d4 Nf6 2. c4 d6 3. Nc3 Nbd7 4. e4 e5 5. d5 Nc5 6. f3 a5 7. Nge2 Be7 8. Be3 O-O 9. Ng3 Ne8 10. Qd2 b6 11. Be2 g6 12. O-O Ng7 13. Bh6 Bh4 14. f4 exf4 15. Qxf4 Nd7 16. Nb5 Ne5 17. Nd4 Bd7 18. Rad1 Bxg3 19. Qxg3 Qe7 20. Rde1 f6 21. h4 Rf7 22. h5 Kh8 23. hxg6 hxg6 24. b3 Kh7 25. Bxg7 Kxg7 26. Bh5 Kh6 27. Bxg6 Nxg6 28. Nf5+ 1-0

[Event "POL-chT 1 Liga 2019"]
[Site "Dzwirzyno"]
[Date "2019.09.11"]
[Round "5.6"]
[White "Lach, Aleksandra"]
[Black "Cieslak, Wiktoria"]
[Result "1-0"]
[ECO "B47"]
[WhiteElo "2173"]
[BlackElo "2063"]
[Annotator "NA"]
[PlyCount "83"]
[EventDate "2019.09.07"]
[EventType "team-tourn"]
[EventCountry "POL"]
[SourceTitle "playchess.com"]
[Source "ChessBase"]
[SourceQuality "1"]
[TimeControl "40/5400+30:1800+30"]

1. e4 c5 2. Nc3 e6 3. Nf3 Nc6 4. d4 cxd4 5. Nxd4 Qc7 6. Be2 Nf6 7. Be3 a6 8. O-O Bb4 9. f3 O-O 10. Kh1 Bxc3 11. bxc3 d5 12. Bg5 Nd7 13. exd5 exd5 14. Nb3 Re8 15. Re1 h6 16. Bh4 Nb6 17. Bg3 Qd8 18. Bd3 Be6 19. Nc5 Qc8 20. Qb1 Nc4 21. Bxc4 dxc4 22. Nxb7 Re7 23. Nd6 Qd8 24. Qc1 Qa5 25. Qe3 Rd8 26. Reb1 Bf5 27. Qf2 Qd5 28. Rd1 Qe6 29. Qc5 Bxc2 30. Re1 Qd7 31. Qxc4 Nb8 32. h3 Bg6 33. Rxe7 Qxe7 34. Re1 Qg5 35. Kh2 Qf6 36. Qc7 Rf8 37. Re8 Rxe8 38. Nxe8 Qe6 39. Qxb8 Kh7 40. a3 f6 41. Nc7 Qa2 42. Qb7 1-0

[Event "POL-chT 1 Liga 2019"]
[Site "Dzwirzyno"]
[Date "2019.09.11"]
[Round "5.9"]
[White "Plichta, Kamil"]
[Black "Nurkiewicz, Maciej"]
[Result "1/2-1/2"]
[ECO "D17"]
[WhiteElo "2349"]
[BlackElo "2334"]
[Annotator "NA"]
[PlyCount "154"]
[EventDate "2019.09.07"]
[EventType "team-tourn"]
[EventCountry "POL"]
[SourceTitle "playchess.com"]
[Source "ChessBase"]
[SourceQuality "1"]
[TimeControl "40/5400+30:1800+30"]

1. d4 d5 2. c4 c6 3. Nc3 Nf6 4. Nf3 dxc4 5. a4 Bf5 6. Ne5 Nbd7 7. Nxc4 Qc7 8. g3 e5 9. dxe5 Nxe5 10. Bf4 Nfd7 11. Bg2 g5 12. Ne3 gxf4 13. Nxf5 O-O-O 14. Qc2 fxg3 15. hxg3 Kb8 16. O-O Nf6 17. Rad1 Bc5 18. Ne4 Nxe4 19. Bxe4 Qb6 20. e3 a5 21. Kg2 Qb4 22. Nh6 Bb6 23. b3 Rd6 24. Rxd6 Qxd6 25. Qc3 Re8 26. Rh1 Ng4 27. Qd3 Qxd3 28. Bxd3 Nxf2 29. Kxf2 Rxe3 30. Bxh7 Rxb3+ 31. Kg2 Bc7 32. g4 f6 33. Bf5 b5 34. Be4 bxa4 35. Nf5 Be5 36. Ne7 Rg3+ 37. Kf2 Rxg4 38. Bf3 Rc4 39. Nxc6+ Kc7 40. Nxe5 fxe5 41. Be2 Rd4 42. Ke3 a3 43. Ra1 Kb6 44. Rxa3 a4 45. Ra1 Kc5 46. Rb1 Rb4 47. Rc1+ Kd5 48. Rc8 Rh4 49. Kd2 Rd4+ 50. Kc3 Ke4 51. Bc4 Ke3 52. Ra8 e4 53. Rxa4 Rd8 54. Ra7 Re8 55. Rf7 Re5 56. Rf1 Re8 57. Bd3 Rc8+ 58. Bc4 Re8 59. Rh1 Re7 60. Rh3+ Kf2 61. Kd4 e3 62. Rh2+ Kg3 63. Ra2 Kf4 64. Bb5 Re4+ 65. Kc3 Re5 66. Be2 Rc5+ 67. Kd4 Rc8 68. Bc4 Rd8+ 69. Kc3 Rc8 70. Kd4 Rd8+ 71. Kc5 Rc8+ 72. Kd5 Rd8+ 73. Ke6 Rd2 74. Ra5 e2 75. Re5 Kf3 76. Bxe2+ Rxe2 77. Rxe2 Kxe2 1/2-1/2

[Event "POL-chT 1 Liga 2019"]
[Site "Dzwirzyno"]
[Date "2019.09.11"]
[Round "5.10"]
[White "Bartel, Michal"]
[Black "Reza, Wojciech"]
[Result "1/2-1/2"]
[ECO "D00"]
[WhiteElo "2291"]
[BlackElo "2293"]
[Annotator "NA"]
[PlyCount "93"]
[EventDate "2019.09.07"]
[EventType "team-tourn"]
[EventCountry "POL"]
[SourceTitle "playchess.com"]
[Source "ChessBase"]
[SourceQuality "1"]
[TimeControl "40/5400+30:1800+30"]

1. d4 d5 2. Bf4 c5 3. e3 Nc6 4. c3 Nf6 5. Nd2 e6 6. Ngf3 Bd6 7. Bg3 O-O 8. Bd3 b6 9. Ne5 Bb7 10. O-O Qc7 11. f4 Ne7 12. Qf3 Nf5 13. Bf2 Be7 14. Ng4 Ne8 15. h3 a5 16. Rfe1 Ned6 17. Nh2 cxd4 18. exd4 Nc4 19. Qe2 Qxf4 20. Nxc4 dxc4 21. Bxc4 Bd6 22. Nf1 Qg5 23. Qg4 Qxg4 24. hxg4 Ne7 25. Be2 Rac8 26. Bf3 Bxf3 27. gxf3 a4 28. Rac1 b5 29. Bg3 Rfd8 30. a3 Nd5 31. Bxd6 Rxd6 32. Rcd1 f6 33. Ng3 Kf7 34. Ne4 Rdc6 35. Kf2 h6 36. Kg3 Re8 37. Rd2 Nb6 38. Rde2 Rd8 39. f4 Nc4 40. f5 e5 41. Nc5 Kg8 42. Ne6 Rd7 43. Kh4 Kf7 44. Kg3 Kg8 45. dxe5 fxe5 46. Rxe5 Nxe5 47. Rxe5 1/2-1/2

[Event "POL-chT 1 Liga 2019"]
[Site "Dzwirzyno"]
[Date "2019.09.11"]
[Round "5.11"]
[White "Renkowski, Piotr"]
[Black "Sliwerski, Radoslaw"]
[Result "1-0"]
[ECO "B23"]
[WhiteElo "2179"]
[BlackElo "2078"]
[Annotator "NA"]
[PlyCount "43"]
[EventDate "2019.09.07"]
[EventType "team-tourn"]
[EventCountry "POL"]
[SourceTitle "playchess.com"]
[Source "ChessBase"]
[SourceQuality "1"]
[TimeControl "40/5400+30:1800+30"]

1. e4 c5 2. Nc3 d6 3. f4 Nc6 4. Nf3 g6 5. d4 Bg7 6. Be3 Bg4 7. dxc5 Qa5 8. cxd6 Bxc3+ 9. bxc3 Rd8 10. Bd3 Qxc3+ 11. Kf2 Rxd6 12. Rb1 Nf6 13. Qe1 Qxe1+ 14. Rhxe1 Rd7 15. Ne5 Rc7 16. Nxc6 bxc6 17. f5 O-O 18. h3 gxf5 19. exf5 Bh5 20. g4 Bxg4 21. Rg1 h5 22. Bd4 1-0

[Event "POL-chT 1 Liga 2019"]
[Site "Dzwirzyno"]
[Date "2019.09.11"]
[Round "5.15"]
[White "Nowak, Lukasz"]
[Black "Rawicz, Karol"]
[Result "1/2-1/2"]
[ECO "D44"]
[WhiteElo "2270"]
[BlackElo "2200"]
[Annotator "NA"]
[PlyCount "70"]
[EventDate "2019.09.07"]
[EventType "team-tourn"]
[EventCountry "POL"]
[SourceTitle "playchess.com"]
[Source "ChessBase"]
[SourceQuality "1"]
[TimeControl "40/5400+30:1800+30"]

1. d4 d5 2. c4 c6 3. Nf3 Nf6 4. Nc3 e6 5. Bg5 dxc4 6. e4 b5 7. e5 h6 8. Bh4 g5 9. Nxg5 hxg5 10. Bxg5 Nbd7 11. g3 Qb6 12. exf6 Bb7 13. Bg2 O-O-O 14. O-O c5 15. d5 b4 16. Rb1 Qa6 17. dxe6 Bxg2 18. e7 Bxe7 19. fxe7 Rdg8 20. Kxg2 Rxg5 21. Ne4 Qc6 22. f3 Rd5 23. Qe2 Ne5 24. Rbd1 Rd4 25. Rfe1 Nd3 26. Rh1 Re8 27. b3 Rxe7 28. bxc4 Rexe4 29. fxe4 Rxe4 30. Qxd3 Re2+ 31. Kh3 Qe6+ 32. g4 Re3+ 33. Qxe3 Qxe3+ 34. Kh4 Qh6+ 35. Kg3 Qe3+ 1/2-1/2

[Event "POL-chT 1 Liga 2019"]
[Site "Dzwirzyno"]
[Date "2019.09.11"]
[Round "5.16"]
[White "Jaroch, Karol"]
[Black "Kokoszczynski, Jan"]
[Result "1-0"]
[ECO "E12"]
[WhiteElo "2236"]
[BlackElo "2289"]
[Annotator "RC"]
[PlyCount "221"]
[EventDate "2019.09.07"]
[EventType "team-tourn"]
[EventCountry "POL"]
[SourceTitle "playchess.com"]
[Source "ChessBase"]
[SourceQuality "1"]
[TimeControl "40/5400+30:1800+30"]

1. d4 Nf6 2. c4 e6 3. Nf3 b6 4. Bg5 h6 5. Bxf6 Qxf6 6. g3 Bb7 7. Bg2 Bb4+ 8. Nbd2 c5 9. dxc5 bxc5 10. O-O O-O 11. Nb3 d5 12. Qc2 dxc4 13. Ng5 hxg5 14. Bxb7 cxb3 15. Qe4 Nd7 16. Bxa8 Nb6 17. Bc6 Qxb2 18. axb3 a5 19. Rab1 Qf6 20. Rfd1 Rd8 21. Kg2 g6 22. Rd3 Rd4 23. Rxd4 cxd4 24. Qd3 Nc8 25. Rh1 Ne7 26. Be4 Kg7 27. h4 gxh4 28. Rxh4 Qe5 29. Qa6 Ng8 30. Qa8 Be7 31. Rh1 Bb4 32. Bd3 Qd6 33. Rh4 Bc3 34. Qc8 Qd5+ 35. Be4 Qd6 36. Bf3 Qe5 37. Qc6 Ne7 38. Qd7 Ng8 39. Re4 Qf6 40. Bg4 Qe7 41. Qxe7 Nxe7 42. Bf3 Nf5 43. Kf1 Kf6 44. e3 dxe3 45. g4 Nd4 46. Rxe3 Bb4 47. Be2 g5 48. Bc4 Ke7 49. Re4 Bc3 50. Re3 Bb4 51. Rd3 Bc5 52. Rh3 f5 53. gxf5 exf5 54. Rh6 g4 55. Kg2 Bd6 56. Bd5 Bf4 57. Rb6 Bd2 58. f3 gxf3+ 59. Bxf3 f4 60. Bd5 Kd7 61. Kh3 f3 62. Rf6 Be1 63. Rf4 Bc3 64. Bxf3 Kd6 65. Bd1 Ke5 66. Kg4 Bd2 67. Rf8 Ke4 68. Rc8 Kd3 69. Rc4 Be3 70. Ra4 Kd2 71. Bf3 Nxb3 72. Bd5 Nd4 73. Rxa5 Kc3 74. Ra3+ Kd2 75. Bc4 Nc2 76. Rd3+ Kc1 77. Bb3 Bd2 78. Rd8 Bc3 79. Kf4 Kb2 80. Bc4 Bf6 81. Rc8 Bg7 82. Ke4 Bf6 83. Rc7 Bd8 84. Rf7 Kc3 85. Bd3 Nb4 86. Rf3 Bb6 87. Bb5+ Kd2 88. Ba4 Bc5 89. Rb3 Be7 90. Kd4 Nc2+ 91. Ke4 Nb4 92. Rf3 Bc5 93. Rf5 Be7 94. Rf7 Bg5 95. Rb7 Kc3 96. Rc7+ Kd2 97. Rg7 Bf6 98. Rf7 Bg5 99. Rf2+ Kc3 100. Rf3+ Kd2 101. Rf7 Kc3 102. Rc7+ Kd2 103. Rc4 Be7 104. Bb3 Bf8 105. Rc7 Bh6 106. Kd4 Bf8 107. Rf7 Bd6 108. Rf2+ Ke1 109. Rf6 Bc7 110. Kc4 Ba5 111. Kb5 1-0

[Event "POL-chT 1 Liga 2019"]
[Site "Dzwirzyno"]
[Date "2019.09.11"]
[Round "5.17"]
[White "Rozycki, Bartlomiej"]
[Black "Samborski, Henryk"]
[Result "1-0"]
[ECO "B99"]
[WhiteElo "2200"]
[BlackElo "2098"]
[Annotator "NA"]
[PlyCount "75"]
[EventDate "2019.09.07"]
[EventType "team-tourn"]
[EventCountry "POL"]
[SourceTitle "playchess.com"]
[Source "ChessBase"]
[SourceQuality "1"]
[TimeControl "40/5400+30:1800+30"]

1. e4 c5 2. Nf3 d6 3. d4 cxd4 4. Nxd4 Nf6 5. Nc3 a6 6. Bg5 Nbd7 7. f4 Qc7 8. Qf3 e6 9. O-O-O Be7 10. Bd3 Nc5 11. Rhe1 Bd7 12. Qg3 h6 13. Bxf6 gxf6 14. Qg7 O-O-O 15. Nf5 exf5 16. Nd5 Qa5 17. Nxe7+ Kb8 18. Qxf6 Nxd3+ 19. cxd3 Qxa2 20. Qxd6+ Ka8 21. Qa3 Qxa3 22. bxa3 Ba4 23. Rd2 fxe4 24. dxe4 Rxd2 25. Kxd2 Rd8+ 26. Ke3 Bc2 27. Rc1 Re8 28. Nd5 Rxe4+ 29. Kf3 Bd3 30. Nb4 Rxb4 31. axb4 Ka7 32. Rc7 f5 33. g4 Kb6 34. Re7 fxg4+ 35. Kxg4 Bc4 36. f5 Bd5 37. f6 Kb5 38. Re5 1-0

[Event "POL-chT 1 Liga 2019"]
[Site "Dzwirzyno"]
[Date "2019.09.11"]
[Round "5.18"]
[White "Worek, Joanna"]
[Black "Moscicka, Pola"]
[Result "1-0"]
[ECO "B34"]
[WhiteElo "2308"]
[BlackElo "1994"]
[Annotator "NA"]
[PlyCount "59"]
[EventDate "2019.09.07"]
[EventType "team-tourn"]
[EventCountry "POL"]
[SourceTitle "playchess.com"]
[Source "ChessBase"]
[SourceQuality "1"]
[TimeControl "40/5400+30:1800+30"]

1. e4 c5 2. Nf3 Nc6 3. d4 cxd4 4. Nxd4 Nf6 5. Nc3 e5 6. Ndb5 d6 7. Bg5 a6 8. Bxf6 gxf6 9. Na3 b5 10. Nd5 Bg7 11. Bd3 Ne7 12. Nxe7 Qxe7 13. O-O O-O 14. c4 f5 15. Qh5 bxc4 16. Nxc4 Rb8 17. Ne3 Rxb2 18. exf5 e4 19. Bc4 Bb7 20. Rab1 Rxb1 21. Rxb1 Bc6 22. h3 Rd8 23. Rd1 Bb5 24. Bb3 Bd3 25. Nd5 Qe5 26. Qh4 Re8 27. f6 Bh8 28. Ne7+ Rxe7 29. fxe7 Bf6 30. Qxf6 1-0

[Event "POL-chT 1 Liga 2019"]
[Site "Dzwirzyno"]
[Date "2019.09.11"]
[Round "5.20"]
[White "Barski, Radoslaw"]
[Black "Flis, Pawel"]
[Result "1-0"]
[ECO "B52"]
[WhiteElo "2425"]
[BlackElo "1897"]
[Annotator "NA"]
[PlyCount "83"]
[EventDate "2019.09.07"]
[EventType "team-tourn"]
[EventCountry "POL"]
[SourceTitle "playchess.com"]
[Source "ChessBase"]
[SourceQuality "1"]
[TimeControl "40/5400+30:1800+30"]

1. e4 c5 2. Nf3 d6 3. Bb5+ Bd7 4. a4 Nc6 5. O-O Nf6 6. Re1 e6 7. c3 Be7 8. d4 O-O 9. dxc5 dxc5 10. Bf4 a6 11. Bf1 Nb8 12. Nbd2 Bc6 13. a5 Nbd7 14. Qc2 Bb5 15. Nc4 Bxc4 16. Bxc4 Qc8 17. e5 Nh5 18. Bg5 Qd8 19. Bxe7 Qxe7 20. Qe4 g6 21. Qxb7 Rfb8 22. Qe4 Ra7 23. b3 Ng7 24. Red1 Ne8 25. Qd3 Nf8 26. Nd2 Rd8 27. Qe2 Qb7 28. f4 Raa8 29. Qe3 Qc6 30. Ne4 Rxd1+ 31. Rxd1 Rc8 32. Qe2 Ra8 33. Qf3 Rc8 34. Nf6+ Nxf6 35. Qxc6 Rxc6 36. exf6 h6 37. Rd8 g5 38. fxg5 hxg5 39. Ra8 Rd6 40. Bxa6 e5 41. Bc4 Rxf6 42. a6 1-0

[Event "POL-chT 1 Liga 2019"]
[Site "Dzwirzyno"]
[Date "2019.09.11"]
[Round "5.21"]
[White "Szmacinski, Slawomir"]
[Black "Kosakowski, Jakub"]
[Result "0-1"]
[ECO "A56"]
[WhiteElo "1848"]
[BlackElo "2411"]
[Annotator "NA"]
[PlyCount "84"]
[EventDate "2019.09.07"]
[EventType "team-tourn"]
[EventCountry "POL"]
[SourceTitle "playchess.com"]
[Source "ChessBase"]
[SourceQuality "1"]
[TimeControl "40/5400+30:1800+30"]

1. d4 Nf6 2. c4 c5 3. e3 g6 4. Nc3 Bg7 5. d5 O-O 6. e4 d6 7. Bd3 e6 8. Bg5 exd5 9. cxd5 h6 10. Bf4 Na6 11. f3 Nc7 12. Qd2 Kh7 13. Nge2 a6 14. a4 b6 15. g4 Qe7 16. h4 Nd7 17. h5 Ne5 18. Bxe5 dxe5 19. O-O-O Ne8 20. Ng3 Nd6 21. Rdg1 g5 22. Nf5 Bxf5 23. exf5 Bf6 24. Ne4 b5 25. Bc2 bxa4 26. Bxa4 Rab8 27. Rh2 Rb4 28. Bc6 Rfb8 29. Rgg2 Nxe4 30. fxe4 Qd6 31. Re2 Bd8 32. f6 Ba5 33. Qd3 c4 34. Qe3 Bb6 35. Qf3 Rb3 36. Qf5+ Kg8 37. Ba4 Rb4 38. Qd7 Qxf6 39. Qc6 Qf1+ 40. Bd1 Bg1 41. Rhg2 Be3+ 42. Kb1 Qxd1+ 0-1

[Event "POL-chT 1 Liga 2019"]
[Site "Dzwirzyno"]
[Date "2019.09.11"]
[Round "5.22"]
[White "Walter, Szymon"]
[Black "Redlich, Bogdan"]
[Result "1-0"]
[ECO "B23"]
[WhiteElo "2311"]
[BlackElo "1600"]
[Annotator "NA"]
[PlyCount "66"]
[EventDate "2019.09.07"]
[EventType "team-tourn"]
[EventCountry "POL"]
[SourceTitle "playchess.com"]
[Source "ChessBase"]
[SourceQuality "1"]
[TimeControl "40/5400+30:1800+30"]

1. e4 c5 2. Nc3 d6 3. f4 Nf6 4. Nf3 g6 5. Bb5+ Bd7 6. Bc4 Bg7 7. d3 O-O 8. O-O Bg4 9. h3 Bxf3 10. Qxf3 Nc6 11. g4 e6 12. Qg2 Nd4 13. Bb3 b5 14. f5 b4 15. Ne2 Nxb3 16. axb3 Nd7 17. g5 exf5 18. exf5 Be5 19. h4 h5 20. Nf4 Bxf4 21. Bxf4 Ne5 22. Qd5 Qc7 23. Bxe5 dxe5 24. fxg6 Rad8 25. gxf7+ Kg7 26. Qf3 Qd6 27. Rxa7 Qd4+ 28. Rf2 Rd6 29. Rd7 e4 30. Rxd6 exf3 31. Rxd4 cxd4 32. Rxf3 Rxf7 33. Rxf7+ Kxf7 1-0

[Event "POL-chT 1 Liga 2019"]
[Site "Dzwirzyno"]
[Date "2019.09.11"]
[Round "5.23"]
[White "Kelm, Robert"]
[Black "Dzierzak, Radoslaw"]
[Result "0-1"]
[ECO "B40"]
[WhiteElo "1585"]
[BlackElo "2253"]
[Annotator "NA"]
[PlyCount "80"]
[EventDate "2019.09.07"]
[EventType "team-tourn"]
[EventCountry "POL"]
[SourceTitle "playchess.com"]
[Source "ChessBase"]
[SourceQuality "1"]
[TimeControl "40/5400+30:1800+30"]

1. e4 c5 2. Nf3 e6 3. g3 d5 4. e5 Nc6 5. Bg2 g5 6. h3 Bg7 7. d4 cxd4 8. Bxg5 Qb6 9. Nbd2 Nxe5 10. Nxe5 Bxe5 11. Nb3 Qb4+ 12. Bd2 Qc4 13. Bf1 Qc7 14. f4 Bf6 15. Bd3 Ne7 16. Qf3 Bd7 17. Ba5 Qd6 18. a3 Nc6 19. Bd2 a5 20. Rd1 a4 21. Nc1 O-O-O 22. Bb5 e5 23. Bxc6 Bxc6 24. fxe5 Bxe5 25. Kf2 Rhg8 26. Rhg1 Rg6 27. Nd3 Rf6 28. Bf4 Bxf4 29. Nxf4 d3 30. Rxd3 Qc5+ 31. Qe3 d4 32. Qd2 Kb8 33. b4 axb3 34. cxb3 Bb5 35. b4 Qb6 36. Rf3 Bc6 37. Rd3 Be4 38. Rb3 Qe6 39. Rf3 Qd7 40. Rc1 Bxf3 0-1

[Event "POL-chT 1 Liga 2019"]
[Site "Dzwirzyno"]
[Date "2019.09.11"]
[Round "5.24"]
[White "Malicka, Maria"]
[Black "Miturova, Magdalena"]
[Result "1/2-1/2"]
[ECO "C77"]
[WhiteElo "2095"]
[BlackElo "2219"]
[Annotator "NA"]
[PlyCount "38"]
[EventDate "2019.09.07"]
[EventType "team-tourn"]
[EventCountry "POL"]
[SourceTitle "playchess.com"]
[Source "ChessBase"]
[SourceQuality "1"]
[TimeControl "40/5400+30:1800+30"]

1. e4 e5 2. Nf3 Nc6 3. Bb5 a6 4. Ba4 Nf6 5. d3 b5 6. Bb3 Be7 7. Nc3 d6 8. a3 O-O 9. Nd5 Na5 10. Nxe7+ Qxe7 11. Ba2 c5 12. O-O Be6 13. b4 Bxa2 14. Rxa2 Nc6 15. c3 d5 16. Bg5 dxe4 17. Bxf6 Qxf6 18. dxe4 Rfd8 19. Qe2 Qe7 1/2-1/2

[Event "POL-chT 1 Liga 2019"]
[Site "Dzwirzyno"]
[Date "2019.09.11"]
[Round "5.27"]
[White "Grabarczyk, Miroslaw"]
[Black "Tofil, Borys"]
[Result "1/2-1/2"]
[ECO "A88"]
[WhiteElo "2374"]
[BlackElo "2202"]
[Annotator "NA"]
[PlyCount "53"]
[EventDate "2019.09.07"]
[EventType "team-tourn"]
[EventCountry "POL"]
[SourceTitle "playchess.com"]
[Source "ChessBase"]
[SourceQuality "1"]
[TimeControl "40/5400+30:1800+30"]

1. d4 f5 2. Nf3 Nf6 3. g3 g6 4. Bg2 Bg7 5. c4 d6 6. O-O c6 7. Nc3 O-O 8. d5 e5 9. dxe6 Bxe6 10. Qd3 Na6 11. Bf4 Re8 12. Rad1 Nc5 13. Qc2 Qb6 14. b3 d5 15. cxd5 Nxd5 16. Nxd5 Bxd5 17. Ng5 Ne4 18. Nxe4 fxe4 19. Be3 Qb4 20. Bd2 Qb6 21. Be3 Qb4 22. Bd2 Qb6 23. e3 a5 24. Rb1 Qa7 25. Rfc1 b5 26. Bc3 a4 27. Bxg7 1/2-1/2

[Event "POL-chT 1 Liga 2019"]
[Site "Dzwirzyno"]
[Date "2019.09.11"]
[Round "5.28"]
[White "Kowalski, Maciej"]
[Black "Sabuk, Piotr"]
[Result "1-0"]
[ECO "A05"]
[WhiteElo "2095"]
[BlackElo "2397"]
[Annotator "RC"]
[PlyCount "219"]
[EventDate "2019.09.07"]
[EventType "team-tourn"]
[EventCountry "POL"]
[SourceTitle "playchess.com"]
[Source "ChessBase"]
[SourceQuality "1"]
[TimeControl "40/5400+30:1800+30"]

1. Nf3 Nf6 2. b3 d5 3. d4 c5 4. e3 Nc6 5. Be2 Bf5 6. O-O e6 7. Bb2 Be7 8. c4 dxc4 9. Bxc4 O-O 10. Qe2 Bg4 11. dxc5 Bxc5 12. Nbd2 Qe7 13. Bd3 Ba3 14. Ne4 Nd5 15. Ng3 Bxf3 16. gxf3 Rac8 17. Rac1 f5 18. Kh1 Bxb2 19. Qxb2 f4 20. Nh5 Rf7 21. Rg1 fxe3 22. Nxg7 Rxg7 23. Rxg7+ Qxg7 24. Rg1 Qxg1+ 25. Kxg1 Nf4 26. Bc4 e2 27. Bxe2 Nd4 28. Bc4 Rd8 29. Kh1 Nxf3 30. Be2 Nd4 31. Bd1 e5 32. h4 Kf7 33. Qc3 Kf6 34. Bf3 Nxf3 35. Qxf3 Rd7 36. Qg4 Rg7 37. Qc8 h5 38. Qd8+ Ke6 39. f3 a6 40. a4 Rd7 41. Qe8+ Re7 42. Qc8+ Kf6 43. Kg1 Ng6 44. Qc4 Kg7 45. Kf2 e4 46. fxe4 Nxh4 47. Ke3 Ng6 48. Qd5 Kh6 49. b4 Ne5 50. Qg8 Ng6 51. Qc8 Kg7 52. Kd4 Kh7 53. Kc5 Kh6 54. Kd6 h4 55. Qg4 Kg7 56. b5 axb5 57. axb5 Kf6 58. Qf5+ Kg7 59. b6 Re8 60. Qd7+ Re7 61. Qc8 Kf7 62. Qc4+ Kf6 63. Qd4+ Kf7 64. Qd5+ Kf6 65. Qf5+ Kg7 66. Qf3 Rd7+ 67. Kc5 Re7 68. Qg2 Re6 69. Qg4 Re7 70. Kd6 Re5 71. Qc8 Re7 72. e5 Kf7 73. e6+ Kf6 74. Qc3+ Kf5 75. Qd3+ Kg5 76. Qe3+ Kf5 77. Qf3+ Kg5 78. Qg2+ Kf5 79. Qxg6+ Kxg6 80. Kxe7 h3 81. Kd7 h2 82. e7 h1=Q 83. e8=Q+ Kg5 84. Qe5+ Kg4 85. Qe6+ Kf4 86. Kc7 Kg3 87. Kb8 Qf3 88. Qd6+ Kf2 89. Qc7 Qd5 90. Qxb7 Qd8+ 91. Ka7 Qd4 92. Qf7+ Ke1 93. Qe6+ Kd1 94. Qb3+ Kc1 95. Ka6 Qd6 96. Qc3+ Kd1 97. Ka7 Ke2 98. b7 Qe7 99. Qb2+ Kf1 100. Qb1+ Kg2 101. Qc2+ Kg1 102. Qg6+ Kh1 103. Qh5+ Kg1 104. Qg4+ Kh1 105. Qf3+ Kg1 106. Ka8 Qc7 107. Qg4+ Kh1 108. Qe4+ Kg1 109. b8=Q Qa5+ 110. Qa7+ 1-0